 Dungeon Crawl Stone Soup version 0.16-a0-4024-g0ecf4ac (console) character file.

53 mudo the Charlatan (level 3, 0/25 HPs)
             Began as a Vampire Artificer on Feb 18, 2015.
             Slain by a giant newt (2 damage)
             ... on level 3 of the Dungeon.
             The game lasted 00:08:52 (2042 turns).

mudo the Charlatan (Vampire Artificer)              Turns: 2042, Time: 00:08:53

Health: 0/25       AC: 11    Str: 11    XL:     3   Next: 62%
Magic:  4/4        EV:  2    Int: 14    God:
Gold:   133        SH:  0    Dex: 14    Spells: 0 memorised, 2 levels left

rFire  . . .     SeeInvis +     a - +0 spear
rCold  + . .     Clarity  .     l - +0 plate armour
rNeg   . . .     SustAb   .     (no shield)
rPois  .         Gourm    .     (no helmet)
rElec  .         Spirit   .     g - +0 cloak
rCorr  .         Warding  .     (no gloves)
rMut   .         Stasis   .     (no boots)
MR     .....                    (no amulet)
Stlth  ..........               (no ring)
                                m - ring of protection from cold

@: lethally poisoned (0 -> -5), regenerating quickly, not resistant to hostile
enchantments, extremely unstealthy
A: bottle blood, fangs 3, see invisible, unbreathing
a: no special abilities


You were on level 3 of the Dungeon.
You were full.

You visited 1 branch of the dungeon, and saw 3 of its levels.

You collected 133 gold pieces.


   Skills:
 - Level 0.8 Fighting
 - Level 1.1 Short Blades
 - Level 2.1 Polearms
 - Level 2.1 Dodging
 - Level 1.5 Stealth
 + Level 3.5 Evocations


You had 2 spell levels left.
You didn't know any spells.

Dungeon Overview and Level Annotations

Branches:
Dungeon (3/15)

Altars:
Okawaru


Innate Abilities, Weirdness & Mutations

Your natural rate of healing is unusually fast.
You can bottle blood from corpses.
You have razor-sharp teeth.
You have supernaturally acute eyesight.
You can survive without breathing.

Inventory:

Hand weapons
 a - a +0 spear (weapon)
 o - a +0 short sword of freezing
 p - a +0 long sword
Armour
 e - a +0 leather armour
 g - a +0 cloak (worn)
 l - a +0 plate armour (worn)
Jewellery
 m - a ring of protection from cold (left hand)
Magical devices
 b - a wand of flame (15)
 c - a wand of enslavement (15)
 d - a wand of random effects (15)
Scrolls
 f - 4 scrolls of enchant weapon {unknown}
 j - a scroll of teleportation {unknown}
 n - a scroll of fear {unknown}
 s - a scroll of identify {unknown}
Potions
 h - 2 potions of blood {@*1}
 i - a potion of curing {unknown}
 k - a potion of lignification {unknown}
 q - a potion of might {unknown}
 r - a potion of ambrosia
 t - a potion of restore abilities


Message History

The adder is severely wounded.
* * * LOW HITPOINT WARNING * * *
You feel sick.
The giant newt bites you but does no damage.
The adder bites you but does no damage.
Your plate armour prevents you from hitting the adder.
The adder is severely wounded.
* * * LOW HITPOINT WARNING * * *
You feel sick. The adder bites you but does no damage.
The giant newt bites you but does no damage.
You miss the adder.
The adder is severely wounded.
The adder bites you but does no damage.
The giant newt bites you but does no damage.
The adder bites you but does no damage.
Your plate armour prevents you from hitting the adder.
The adder is severely wounded.
* * * LOW HITPOINT WARNING * * *
You feel sick. The giant newt bites you.
You die...

##.>....# ###
##...#.# #####.#
#.# #.######
########......#
..............#
#########R.#####
.......SV..#
...........#
###########


You could see an adder and a giant newt.

Action                   || total
-------------------------++-------
Melee: Spear             ||   212
       Short sword       ||    11
  Use: Potion            ||     4
  Eat: Corpse            ||     8

Vault maps used:
D:1:      scummos_arrival_forest
D:2:      kennysheep_big_flooded_room, hangedman_decor_lopped,
          roderic_serpentine_path, okawaru_metal_pillars_3
D:3:      old_standard_altar, nicolae_overflow_hidden_temple, zin_academy,
          grunt_decor_one_mirror, led_sif_pool

Vanquished Creatures
  An adder (D:3)
  2 giant geckos
  A ball python (D:3)
  A giant cockroach (D:2)
  4 goblins
  6 hobgoblins
  6 bats
  8 kobolds
  13 rats
42 creatures vanquished.

Table legend:
 A = Kills in this place as a percentage of kills in entire the game.
 B = Kills by you in this place as a percentage of kills by you in the entire game.
 C = Kills by friends in this place as a percentage of kills by friends in the entire game.
 D = Other kills in this place as a percentage of other kills in the entire game.
 E = Experience gained in this place as a percentage of experience gained in the entire game.
 F = Experience gained in this place divided by the number of levels of this place that you have seen.
                   A       B       C       D       E      F
               +-------+-------+-------+-------+-------+----------------------
         Total | 100.0 | 100.0 |  -nan |  -nan | 100.0 |  25.3
       Dungeon | 100.0 | 100.0 |  -nan |  -nan | 100.0 |  25.3
               +-------+-------+-------+-------+-------+----------------------

Table legend:
 A = Turns spent in this place as a percentage of turns spent in the entire game.
 B = Non-inter-level travel turns spent in this place as a percentage of non-inter-level travel turns spent in the entire game.
 C = Inter-level travel turns spent in this place as a percentage of turns spent in this place.
 D = Turns resting spent in this place as a percentage of non-inter-level travel turns spent in this place.
 E = Turns spent auto-exploring this place as a percentage of non-inter-level travel turns spent in this place.
 F = Non-inter-level travel turns spent in this place divided by the number of levels of this place that you've seen.
                   A       B       C       D       E      F
               +-------+-------+-------+-------+-------+----------------------
         Total | 100.0 | 100.0 |   0.5 |   0.7 |  12.9 | 191.3
       Dungeon | 100.0 | 100.0 |   0.5 |   0.7 |  12.9 | 191.3
               +-------+-------+-------+-------+-------+----------------------

Notes
Turn   | Place    | Note
--------------------------------------------------------------
     0 | D:1      | mudo, the Vampire Artificer, began the quest for the Orb.
     0 | D:1      | Reached XP level 1. HP: 14/14 MP: 1/1
    41 | D:1      | Reached skill level 3 in Evocations
   123 | D:1      | Reached skill level 1 in Polearms
   123 | D:1      | Reached XP level 2. HP: 4/20 MP: 3/3
   883 | D:2      | Found an iron altar of Okawaru.
  1038 | D:2      | Reached skill level 2 in Polearms
  1179 | D:2      | Reached XP level 3. HP: 17/25 MP: 4/4
  2038 | D:3      | HP: 5/25 [poisoned by an adder]
  2042 | D:3      | HP: 2/25 [poisoned by an adder]
  2042 | D:3      | Slain by a giant newt
